 Dungeon Crawl Stone Soup version 0.30-a0-778-g2ef04afb54 (webtiles) character file.

Game seed: 10415639114831049777

8 Beavis the Shooter (level 2, 21/22 HPs)
             Began as a Demonspawn Hunter on Feb 16, 2023.
             Quit the game on level 1 of the Dungeon.
             The game lasted 00:00:09 (50 turns).

Beavis the Shooter (Demonspawn Hunter)                Turns: 50, Time: 00:00:10

Health: 21/22      AC:  3    Str: 11    XL:     2   Next: 0%
Magic:  2/2        EV: 12    Int: 10    God:
Gold:   10         SH:  0    Dex: 16    Spells: 1/1 levels left

rFire   . . .      SeeInvis .    a - +0 shortbow
rCold   . . .      Faith    .    (shield currently unavailable)
rNeg    . . .      Spirit   .    c - +0 leather armour
rPois   .          Reflect  .    (no helmet)
rElec   .          Harm     .    (no cloak)
rCorr   .          Rampage  .    (no gloves)
Will    .....                    (no boots)
Stlth   +                        (no amulet)
HPRegen 0.23/turn                (no ring)
MPRegen 0.08/turn                (no ring)

@: no status effects
A: demonic magic 1
a: no special abilities


You were on level 1 of the Dungeon.
You visited 1 branch of the dungeon, and saw 1 of its levels.

You collected 10 gold pieces.

Inventory:

Hand Weapons
 a - a +0 shortbow (weapon)
Armour
 c - a +0 leather armour (worn)
Scrolls
 b - a scroll of immolation


   Skills:
 + Level 2.2 Fighting
 + Level 3.7 Ranged Weapons
 + Level 2.0 Dodging
 - Level 0.8 Stealth


You had one spell level left.
You didn't know any spells.
Your spell library was empty.

Dungeon Overview and Level Annotations

Branches:
Dungeon (1/15)

Altars:


Innate Abilities, Weirdness & Mutations

Spells you cast may paralyse adjacent enemies.


Message History

No target in view!
No target in view!
No target in view!
No target in view!
No target in view!
No target in view!
No target in view!
No target in view!
No target in view!
No target in view!
No target in view!
No target in view!
No target in view!
No target in view!
No target in view!
No target in view!
No target in view!
No target in view!
A bat comes into view.
Found a stone staircase leading down.
You shoot an arrow. The arrow closely misses the bat.
A ball python comes into view.
You shoot an arrow. The arrow completely misses the bat.
The bat barely misses you.
The ball python bites you but does no damage.
The ball python grabs you. The ball python constricts you.
You shoot an arrow.
The arrow completely misses the ball python.
The bat hits you but does no damage.
The ball python bites you but does no damage.
The ball python constricts you. The bat hits you but does no damage.
You shoot an arrow. The arrow hits the ball python!
You kill the ball python!
The bat hits you.
You have reached level 2!
Your demonic ancestry asserts itself...
A menacing aura infuses your magic.
You shoot an arrow. The arrow closely misses the bat.
The bat barely misses you. The bat hits you.
Are you sure you want to abandon this character and quit the game? (Confirm with "yes".)

##......#####.##
..............#
.....†...######
#####.#..#
#.#..# #....#
#...## ##.## #@#
#.....†b#
....>†..#
.#8..8#.#
##).##.# ##. #.#
# ..# #.#


You could see a bat.

Vanquished Creatures
  A dart slug (D:1)
  A goblin (D:1)
  A kobold (D:1)
  2 ball pythons (D:1)
  A rat (D:1)
6 creatures vanquished.

Notes
Turn   | Place    | Note
-------+----------+-------------------------------------------
     0 | D:1      | Beavis the Demonspawn Hunter began the quest for the Orb.
     0 | D:1      | Reached XP level 1. HP: 16/16 MP: 1/1
    49 | D:1      | Gained mutation: Spells you cast may paralyse adjacent
                  | enemies. [demonic ancestry]
    49 | D:1      | Reached XP level 2. HP: 21/22 MP: 2/2
    50 | D:1      | Quit the game

Illustrated notes

Levels and vault maps discovered:
D:1:      saegor_arrival_simple_b, layout_loops_ring, st_stairs_6

Skill      XL: |  1 |
---------------+----+-----
Dodging        | 2 |  2.0
Fighting       | |  2.2
Ranged Weapons | |  3.7
Stealth        | |  0.8

Action                     || total
---------------------------++-------
   Fire: Shortbow          ||    14
 Armour: Leather armour    ||     4
  Dodge: Dodged            ||     2

Table legend: (Time is in decaauts)
 A = Elapsed time spent in this place.
 B = Non-inter-level travel time spent in this place.
 C = Inter-level travel time spent in this place.
 D = Time resting spent in this place.
 E = Time spent auto-exploring this place.
 F = Levels seen in this place.
 G = Mean time per level.
                   A        B        C        D        E       F      G
               +--------+--------+--------+--------+--------+-----+--------+
         Total |     55 |     55 |      0 |      0 |     31 |   1 |   55.0 |
       Dungeon |     55 |     55 |      0 |      0 |     31 |   1 |   55.0 |
               +--------+--------+--------+--------+--------+-----+--------+

Top non-repeatable levels by time:
     D:1: 55 daAuts
